 Dungeon Crawl Stone Soup version 0.30.0-29-ga12c61a403 (webtiles) character file.

Game seed: 10439029485021056975

197361 howech the Slayer (level 17, -6/173 HPs)
             Began as a Minotaur Berserker on June 3, 2023.
             Was a High Priest of Trog.
             Mangled by a naga warrior
             ... wielding a +0 flail
              (10 damage)
             ... on level 1 of the Snake Pit.
             The game lasted 02:55:44 (34219 turns).

howech the Slayer (Minotaur Berserker)             Turns: 34219, Time: 02:55:45

Health: -6/173     AC: 16    Str: 27    XL:     17   Next: 77%
Magic:  16/16      EV: 11    Int:  8    God:    Trog [*****.]
Gold:   3511       SH: 21    Dex: 17    Spells: 16/16 levels left

rFire   + . .        b - +6 broad axe (flame)
rCold   . . .        s - +3 tower shield
rNeg    . . .        B - +0 chain mail "Rikhoph" {rElec Str+2 Slay+3}
rPois   +            (helmet restricted)
rElec   +            Z - +0 cloak "Vecsamnula" {Will+ Regen+}
rCorr   .            v - +0 pair of gloves of Ebliled {+Blink}
SInv    .            p - +0 pair of boots
Will    ++++.        d - amulet "Vaepep" {Acrobat rPois} Stlth
                     u - ring of protection from fire
HPRegen 2.28/turn    h - +6 ring of dexterity
MPRegen 0.15/turn

%: acrobat
@: lethally poisoned (-6 -> -7), strong-willed, on berserk cooldown,
regenerating, slowed, constricted, very slow
A: horns 2, retaliatory headbutt
}: 1/15 runes: decaying
a: Renounce Religion, Evoke Blink, Berserk, Trog's Hand, Brothers in Arms


You were on level 1 of the Snake Pit.
You worshipped Trog.
Trog was extremely pleased with you.
You visited 5 branches of the dungeon, and saw 27 of its levels.
You also visited: Sewer, Bailey, Gauntlet and Volcano.

You collected 4586 gold pieces.
You spent 1075 gold pieces at shops.

Inventory:

Hand Weapons
 b - a +6 broad axe of flaming (weapon)
 f - the +7 broad axe "Jaresch" {heavy, *Rage rC++}
   (You bought it in a shop on level 6 of the Dungeon)

   rC:        It greatly protects you from cold.
   *Rage:     It berserks you when you make melee attacks (+20% chance).
 U - a +3 broad axe of protection
Missiles
 c - 2 javelins
 m - 32 boomerangs (quivered)
 x - a throwing net
Armour
 p - a +0 pair of boots (worn)
 s - a +3 tower shield (worn)
 v - the +0 pair of gloves of Ebliled (worn) {+Blink}
   (You found it on level 2 of the Swamp)

   +Blink:    It lets you blink.
 B - the +0 chain mail "Rikhoph" (worn) {rElec Str+2 Slay+3}
   (You bought it in a shop on level 1 of the Dungeon)

   Str:       It affects your strength (+2).
   Slay:      It affects your accuracy & damage with ranged weapons and melee
   (+3).
   rElec:     It insulates you from electricity.
 I - the +2 ring mail of Woqyocw {rC+ rN+ MP+9 Dex-2}
   (You found it on level 9 of the Dungeon)

   Dex:       It affects your dexterity (-2).
   rC:        It protects you from cold.
   rN:        It protects you from negative energy.
   MP:        It affects your magic capacity (+9).
 Z - the +0 cloak "Vecsamnula" (worn) {Will+ Regen+}
   (You found it in a Gauntlet)

   Regen:     It increases your rate of health regeneration.
   Will:      It increases your willpower.
Jewellery
 d - the amulet "Vaepep" (around neck) {Acrobat rPois}
   (You found it on level 3 of the Lair of Beasts)

   [amulet of the acrobat]

   It increases your evasion while moving and waiting.
   rPois:     It protects you from poison.
 h - a +6 ring of dexterity (right hand)
 u - a ring of protection from fire (left hand)
 F - an amulet of reflection
 G - a ring of flight
 S - a ring of protection from cold
 Y - the amulet "Qumeohyu" {Spirit rF+ rN+}
   (You found it in a Gauntlet)

   [amulet of guardian spirit]

   It causes incoming damage to be divided between your reserves of health and
   magic.
   rF:        It protects you from fire.
   rN:        It protects you from negative energy.
Wands
 g - a wand of charming (28)
 j - a wand of acid (22)
 n - a wand of iceblast (25)
 y - a wand of flame (11)
 O - a wand of digging (18)
 Q - a wand of mindburst (13)
 X - a wand of polymorph (12)
Scrolls
 l - 15 scrolls of teleportation
 r - 3 scrolls of poison
 C - 2 scrolls of fear
 D - 2 scrolls of blinking
 H - a scroll of magic mapping
 J - 8 scrolls of fog
 L - 5 scrolls of immolation
 W - a scroll of summoning
Potions
 a - a potion of heal wounds
 e - 13 potions of curing
 i - 11 potions of flight
 k - 2 potions of resistance
 w - 5 potions of cancellation
 z - a potion of invisibility
 E - a potion of haste
 K - 5 potions of lignification
 P - 3 potions of ambrosia
 T - 2 potions of might
Miscellaneous
 t - a piece from Xom's chessboard (15/15)
 R - a box of beasts
 V - a condenser vane


   Skills:
 + Level 21.1 Fighting
 - Level 18.0 Axes
 - Level 1.0 Throwing
 + Level 12.0 Armour
 + Level 11.7 Dodging
 + Level 12.0 Shields
 + Level 12.2 Evocations


You had 16 spell levels left.
You didn't know any spells.
Your spell library was empty.

Dungeon Overview and Level Annotations

Branches:
Dungeon (15/15)            Temple (0/1) D:4            Lair (5/5) D:9
  Swamp (4/4) Lair:2        Snake (1/4) Lair:3        Slime (0/5) Lair:5
    Orc (2/2) D:9             Elf (0/3) Orc:2        Vaults (0/5) D:14
 Depths (0/4) D:15          Sewer (visited)          Bailey (visited)
Volcano (visited)         Gauntlet (visited)

Altars:
Ashenzari
Fedhas
Gozag
Kikubaaqudgha
Makhleb
Okawaru
Qazlal
Ru
Sif Muna
Trog
Uskayaw
Wu Jian
Yredelemnul
Zin
Jiyva

Shops:
D:1 [   D:6 (   D:8 :   D:9 ?!   D:15 *   Orc:2 ***?

Portals:
Trove: D:12 (show slimy rune of Zot)

Annotations:
D:5 2 transporters, Edyrem's ghost, novice HOMo
Snake:1 Aizul


Innate Abilities, Weirdness & Mutations

You have a pair of horns on your head.
You reflexively headbutt those who attack you in melee.


Message History

* * * LOW HITPOINT WARNING * * *
The naga mage hits you from afar with a +0 spear!
* * * LOW HITPOINT WARNING * * *
Your unstable footing causes you to fumble your attack.
You feel sick. You block Aizul's attack. You block the sea snake's attack.
The naga warrior spits poison at you. The splash of poison hits you.
* * * LOW HITPOINT WARNING * * *
The naga mage hits you but does no damage.
The naga mage constricts you.
* * * LOW HITPOINT WARNING * * *
The sea snake bites you!
* * * LOW HITPOINT WARNING * * *
The naga mage casts a spell at the black mamba.
The black mamba seems to grow toxic.
Aizul coils herself and waves her upper body at you.
You block the poison arrow.
Unknown command.
Unknown command.
You miss Aizul. You headbutt Aizul.
Aizul is heavily wounded.
You closely miss the naga mage. You slash the naga ritualist!
You burn the naga ritualist. You slash the naga warrior!
You burn the naga warrior. You closely miss the sea snake. x2
You are no longer berserk.
You are exhausted.
You feel as though you will be slow longer.
You feel sick.
The naga mage no longer looks unusually strong.
The naga ritualist no longer looks unusually strong.
You block the sea snake's attack. The naga mage spits poison at you.
You block the splash of poison. The naga mage constricts you.
* * * LOW HITPOINT WARNING * * *
You block the naga mage's attack. The sea snake bites you.
* * * LOW HITPOINT WARNING * * *
The naga ritualist spits poison at you.
The splash of poison hits you but does no damage.
The naga warrior hits you with a +0 flail!
You die...

#.....#......
#.†...#...... ##?..##
## ##~~#.# ~~.
##~##~~~~.# ~~~~
##~~~~~~~~~#~~~~~
##~~~~~~~~~~~~~~~~~
..#~~SNS~~~~~~~~~~~~~
..~~~SS@S~~~~~~~~~~~~
..~~~NNSN†~~~~~~~~~~~
.$.~~~S~~~~~~~~~~##~~
...~~~~~~~~~~~~~~.. ~
.:.#~~~~~~~~~~~~####
.. ##~~~~~~~~~~## .
##~#~~~~~~##
####~~~~##


You could see Aizul, a naga warrior (curare, catching breath), 2 sea snakes, a
naga ritualist (curare, catching breath), 3 mana vipers, a black mamba (curare)
and 2 naga magi.

Vanquished Creatures
  Mara (Swamp:3)
  Kirke (Swamp:4)
  2 thorn hunters
  Roxanne (Swamp:3)
  A fenstrider witch (Swamp:1)
  Louise (Swamp:4)
  5 eleionomae
  A red draconian (Volcano)
  4 bunyips
  Josephine (Orc:2)
  A fire dragon (Lair:5)
  An ettin (D:15)
  A yaktaur captain (D:14)
  Erolcha (D:11)
  The ghost of Gedeb the Cleaver, a journeyman MiFi of Okawaru (Lair:2)
  3 shambling mangroves
  3 ghost crabs
  An ogre mage (Volcano)
  25 hydras
  3 two-headed ogres (Volcano)
  6 centaur warriors
  12 alligators
  A death knight (D:14)
  3 boulder beetles
  A naga warrior (Snake:1)
  A tengu warrior (D:15)
  2 thrashing horrors (Gauntlet)
  4 orc high priests (Orc:2)
  A spriggan berserker (Swamp:4)
  4 spriggans (Swamp:3)
  A fire crab (Gauntlet)
  4 skeletal warriors (D:15)
  A skyshark (Lair:2)
  Amaemon (Lair:3)
  3 goliath frogs
  A sea snake (Snake:1)
  5 swamp dragons
  7 spriggan druids
  A deep troll (D:15)
  3 necromancers
  8 bog bodies
  A lindwurm (Lair:5)
  Pikel (D:6)
  7 orc knights
  2 large abominations (Gauntlet)
  A mana viper (D:15)
  A deep elf pyromancer (D:12)
  5 will-o-the-wisps
  4 orc sorcerers
  5 manticores
  A salamander (Snake:1)
  4 cyclopes
  8 slime creatures
  The ghost of Kazon the Chopper, a novice TrGl of Okawaru (D:6)
  A black mamba (shapeshifter) (D:15)
  3 elephants
  15 black mambas
  2 gargoyles
  2 torpor snails
  2 naga magi
  Maggie (D:6)
  2 molten gargoyles (Lair:5)
  An orange demon (Lair:3)
  3 kobold demonologists
  10 cane toads
  3 yaktaurs
  An unseen horror (D:13)
  A rime drake (Lair:5)
  10 komodo dragons
  A komodo dragon (shapeshifter) (D:13)
  2 freezing wraiths (D:14)
  3 unseen horror zombies (D:9)
  4 tengu conjurers
  A meliai (shapeshifter) (D:13)
  2 polar bears (Lair:4)
  A bloated husk (Swamp:3)
  8 trolls
  10 hornets
  9 tyrant leeches
  3 dream sheep (Lair:3)
  4 blink frogs (Lair:5)
  Sigmund (D:3)
  2 vampires
  4 wyverns
  6 wraiths
  31 yaks
  10 fire bats
  2 steam dragons (Lair:5)
  7 hogs
  5 basilisks
  11 vampire mosquitoes
  An acid dragon (D:11)
  5 nagas
  15 swamp worms
  3 wargs
  24 water moccasins
  3 hell hounds (Lair:5)
  A sky beast (D:8)
  15 swamp drakes
  A black bear (Lair:3)
  34 orc warriors
  2 ice beasts
  5 wolves (Lair:4)
  8 ogres
  9 centaurs
  2 phantoms
  5 kobold brigands
  15 bullfrogs
  A gnoll sergeant (D:8)
  2 scorpions
  7 small abominations (Gauntlet)
  9 electric eels
  3 howler monkeys
  19 lava snakes
  2 quasits (D:6)
  3 centaur zombies (D:9)
  4 hounds
  29 orc priests
  A jelly (D:7)
  2 iguanas
  A hell rat (Lair:4)
  18 orc wizards
  A sleepcap (D:5)
  A killer bee zombie (D:9)
  3 howler monkey zombies (D:9)
  19 gnolls
  2 river rats
  14 adders
  A white imp (D:6)
  2 ufetubi
  3 worms
  2 dart slugs (D:4)
  72 orcs
  12 ball pythons
  6 endoplasms
  5 giant cockroaches
  4 hobgoblins
  8 jackals
  36 kobolds
  7 quokkas
  2 bats
  6 frilled lizards
  3 goblins
  8 rats
819 creatures vanquished.

Vanquished Creatures (collateral kills)
  Jorgrun (D:15)
  A minotaur (Gauntlet)
  An orc sorcerer (D:15)
  2 orc warriors (D:15)
5 creatures vanquished.

Vanquished Creatures (others)
  The ghost of GimliDwarf the Zephyrmancer, a journeyman TeAE of Qazlal (D:13)
  A hydra (Swamp:4)
  An alligator (Swamp:3)
  2 bloated husks
  26 foxfires
31 creatures vanquished.

Grand Total: 855 creatures vanquished

Notes
Turn   | Place    | Note
-------+----------+-------------------------------------------
     0 | D:1      | howech the Minotaur Berserker began the quest for the Orb.
     0 | D:1      | Reached XP level 1. HP: 19/19 MP: 0/0
   141 | D:1      | Reached XP level 2. HP: 16/27 MP: 1/1
   912 | D:1      | Found Cuvinku's Antique Armour Boutique.
  1145 | D:2      | Reached XP level 3. HP: 29/33 MP: 2/2
  1254 | D:2      | Reached skill level 1 in Shields
  1352 | D:2      | Reached ** piety under Trog
  1354 | D:2      | Reached skill level 4 in Fighting
  2088 | D:3      | Reached XP level 4. HP: 40/40 MP: 3/3
  2095 | D:3      | Reached skill level 1 in Throwing
  2095 | D:3      | Reached skill level 1 in Evocations
  2185 | D:3      | Noticed Sigmund
  2228 | D:3      | Killed Sigmund
  2229 | D:3      | Reached skill level 5 in Axes
  2229 | D:3      | Reached XP level 5. HP: 47/47 MP: 4/4
  2229 | D:3      | Reached XP level 6. HP: 53/53 MP: 5/5
  2431 | D:3      | Found a shimmering blue altar of Sif Muna.
  2899 | D:4      | Found a blossoming altar of Fedhas.
  2967 | D:4      | Found a staircase to the Ecumenical Temple.
  3241 | D:4      | Reached skill level 5 in Fighting
  3420 | D:5      | Entered Level 5 of the Dungeon
  3447 | D:5      | Found a bloodstained altar of Trog.
  3452 | D:5      | Noticed an ice beast
  3455 | D:5      | Killed an ice beast
  3456 | D:5      | Reached XP level 7. HP: 61/61 MP: 6/6
  4174 | D:5      | Found a transporter.
  4176 | D:5      | Noticed Edyrem's ghost (novice HOMo)
  4304 | D:5      | Found a transporter.
  4752 | D:6      | Noticed a troll
  4759 | D:6      | Killed a troll
  4760 | D:6      | Reached skill level 5 in Armour
  4760 | D:6      | Reached XP level 8. HP: 53/70 MP: 7/7
  4831 | D:6      | Reached skill level 6 in Fighting
  4831 | D:6      | Reached skill level 5 in Dodging
  4906 | D:6      | Noticed Kazon's ghost (novice TrGl)
  4907 | D:6      | Found a transporter.
  4922 | D:6      | Found a transporter.
  4924 | D:6      | Noticed Maggie
  4942 | D:6      | Killed Maggie
  4943 | D:6      | Reached skill level 7 in Fighting
  4943 | D:6      | Reached skill level 5 in Shields
  5142 | D:6      | Reached skill level 8 in Fighting
  5176 | D:6      | Found a glowing drain.
  5205 | Sewer    | Entered a sewer
  5284 | Sewer    | Reached *** piety under Trog
  6151 | D:6      | Found an opulent altar of Gozag.
  6176 | D:6      | Noticed Pikel
  6181 | D:6      | Reached skill level 9 in Fighting
  6188 | D:6      | Killed Pikel
  6189 | D:6      | Reached XP level 9. HP: 40/83 MP: 8/8
  6351 | D:6      | Found an ancient bone altar of Kikubaaqudgha.
  6541 | D:6      | Found Myxze's Weapon Shoppe.
  6775 | D:6      | Identified a scroll of acquirement
  6775 | D:6      | Acquired 803 gold pieces
  6943 | D:7      | Reached skill level 10 in Axes
  6947 | D:7      | Reached skill level 10 in Fighting
  7156 | D:7      | Found an iron altar of Okawaru.
  7518 | D:8      | Found a sacrificial altar of Ru.
  7518 | D:8      | Found a burning altar of Makhleb.
  7518 | D:8      | Found a stormy altar of Qazlal.
  7522 | D:8      | Found a hide-covered altar of Uskayaw.
  7857 | D:8      | Found a broken altar of Ashenzari.
  7963 | D:8      | Found Porobog's Book Shoppe.
  7976 | D:8      | Found a glowing silver altar of Zin.
  8047 | D:8      | Reached XP level 10. HP: 93/93 MP: 9/9
  8646 | D:1      | Bought a spiked chain mail for 237 gold pieces
  8646 | D:1      | Identified the +0 chain mail "Rikhoph" {rElec Str+2 Slay+3}
                  | (You bought it in a shop on level 1 of the Dungeon)
  8861 | D:6      | Killed Kazon's ghost
  9019 | D:9      | Found a staircase to the Orcish Mines.
  9189 | D:9      | Found a staircase to the Lair.
  9222 | D:9      | Identified the +2 ring mail of Woqyocw {rC+ rN+ MP+9 Dex-2}
  9298 | D:9      | Found Jac Ceimaf's Distillery.
  9487 | D:9      | Found Xeveth's Magic Scroll Shop.
  9490 | D:9      | Bought a scroll of teleportation for 36 gold pieces
  9490 | D:9      | Bought a scroll of teleportation for 36 gold pieces
  9490 | D:9      | Bought a scroll of teleportation for 36 gold pieces
  9490 | D:9      | Bought a scroll of fog for 48 gold pieces
  9490 | D:9      | Bought a scroll of teleportation for 36 gold pieces
  9672 | D:9      | Found a basalt altar of Yredelemnul.
  9681 | D:9      | Reached skill level 11 in Fighting
  9683 | D:9      | Reached skill level 5 in Evocations
  9808 | D:9      | Noticed an orange demon
 10221 | Lair:1   | Entered Level 1 of the Lair of Beasts
 10280 | Lair:1   | Reached **** piety under Trog
 10301 | Lair:1   | Found a dark tunnel.
 10306 | Volcano  | Entered a volcano
 10424 | Volcano  | Reached XP level 11. HP: 95/104 MP: 10/10
 10560 | Volcano  | Noticed a two-headed ogre
 10560 | Volcano  | Noticed a two-headed ogre
 10570 | Volcano  | Killed a two-headed ogre
 10571 | Volcano  | Reached skill level 12 in Fighting
 10575 | Volcano  | Killed a two-headed ogre
 10607 | Volcano  | Noticed an ogre mage
 10613 | Volcano  | Killed an ogre mage
 10613 | Volcano  | Noticed a red draconian
 10810 | Volcano  | Killed a red draconian
 11031 | Volcano  | Noticed a two-headed ogre
 11050 | Volcano  | Killed a two-headed ogre
 11065 | Volcano  | Found a radiant altar of Vehumet.
 11068 | Volcano  | Reached skill level 15 in Axes
 12462 | Lair:2   | Reached skill level 13 in Fighting
 13132 | Lair:2   | Found the +8 whip "Snakebite" {venom, curare, rPois}
 13214 | Lair:2   | Found a runed translucent door.
 13218 | Lair:2   | Noticed Gedeb's ghost (journeyman MiFi)
 13237 | Lair:2   | Killed Gedeb's ghost
 13242 | Lair:2   | Reached XP level 12. HP: 111/115 MP: 11/11
 13379 | Lair:2   | Found a staircase to the Swamp.
 13395 | Lair:2   | Found the +10 dark maul {heavy}
 14445 | Lair:3   | Found a staircase to the Snake Pit.
 14513 | Lair:3   | Noticed Amaemon
 14513 | Lair:3   | Noticed a four-headed hydra
 14538 | Lair:3   | Killed a one-headed hydra
 14542 | Lair:3   | Killed Amaemon
 14852 | Lair:3   | Identified the amulet "Vaepep" {Acrobat rPois}
 15397 | Lair:3   | Identified the +8 long sword of Fegumaofo {holy, Contam
                  | rC++ rN+ Int+4}
 15618 | Lair:4   | Noticed a four-headed hydra
 15621 | Lair:4   | Killed a two-headed hydra
 15654 | Lair:4   | Noticed a boulder beetle
 15659 | Lair:4   | Killed a boulder beetle
 16408 | Lair:4   | Reached XP level 13. HP: 80/123 MP: 12/12
 16538 | Lair:4   | Reached ***** piety under Trog
 16546 | Lair:4   | Reached skill level 14 in Fighting
 16802 | Lair:4   | Found a runed translucent door.
 17773 | Lair:5   | Entered Level 5 of the Lair of Beasts
 19405 | Lair:5   | Found a large runed translucent door.
 19407 | Lair:5   | Found a large runed translucent door.
 19536 | Lair:5   | Noticed a fire dragon
 19545 | Lair:5   | Killed a fire dragon
 19879 | Lair:5   | Found a staircase to the Slime Pits.
 19879 | Lair:5   | Found a viscous altar of Jiyva.
 20772 | D:10     | Entered Level 10 of the Dungeon
 21191 | D:10     | Found a flagged portal.
 21219 | Bailey   | Entered a bailey
 21255 | Bailey   | Received a gift from Trog
 21368 | Bailey   | Identified the +7 chain mail "Heejyvit" {Harm Regen+ Int+5
                  | Dex-2 Stlth-}
 22271 | D:11     | Reached XP level 14. HP: 69/133 MP: 13/13
 22610 | D:11     | Found an ornate altar of the Wu Jian Council.
 22686 | D:11     | Noticed Erolcha
 22692 | D:11     | Killed Erolcha
 23127 | D:12     | Reached skill level 15 in Fighting
 23609 | D:12     | Found a portal to a secret trove of treasure.
 24503 | D:13     | Received a gift from Trog
 24508 | D:13     | Reached skill level 10 in Shields
 24887 | D:13     | Found a runed translucent gate.
 24887 | D:13     | Found a runed translucent gate.
 24889 | D:13     | Found a runed translucent gate.
 24890 | D:13     | Noticed GimliDwarf's ghost (journeyman TeAE)
 24900 | D:13     | Reached skill level 10 in Armour
 24915 | D:13     | Killed GimliDwarf's ghost
 25214 | D:14     | Found a gate leading to a gauntlet.
 25222 | D:14     | Found a gate to the Vaults.
 25242 | Gauntlet | Entered a Gauntlet
 25242 | Gauntlet | Found a transporter.
 25242 | Gauntlet | Found a transporter.
 25242 | Gauntlet | Found a transporter.
 25391 | Gauntlet | Found a transporter.
 25392 | Gauntlet | Found a transporter.
 25395 | Gauntlet | Found a transporter.
 25402 | Gauntlet | Found a transporter.
 25404 | Gauntlet | Found a transporter.
 25404 | Gauntlet | Found a transporter.
 25406 | Gauntlet | Found a transporter.
 25410 | Gauntlet | Found a runed translucent door.
 25412 | Gauntlet | Found a runed translucent door.
 25414 | Gauntlet | Found a transporter.
 25419 | Gauntlet | Found a transporter.
 25669 | Gauntlet | Reached skill level 10 in Dodging
 25682 | Gauntlet | Identified the amulet "Qumeohyu" {Spirit rF+ rN+}
 25684 | Gauntlet | Identified the +0 cloak "Vecsamnula" {Will+ Regen+}
 25989 | D:14     | Reached skill level 16 in Fighting
 26329 | D:15     | Entered Level 15 of the Dungeon
 26340 | D:15     | Noticed Jorgrun
 26352 | D:15     | Killed Jorgrun
 26445 | D:15     | Reached XP level 15. HP: 129/145 MP: 14/14
 26582 | D:15     | Reached skill level 10 in Evocations
 26812 | D:15     | Reached skill level 17 in Fighting
 27155 | D:15     | Found Nismelek's Serpentskin Sales.
 27255 | D:15     | Found a staircase to the Depths.
 27946 | Orc:1    | Entered Level 1 of the Orcish Mines
 28515 | Orc:2    | Entered Level 2 of the Orcish Mines
 28535 | Orc:2    | Noticed Josephine
 28540 | Orc:2    | Killed Josephine
 28572 | Orc:2    | Found a staircase to the Elven Halls.
 28711 | Orc:2    | Reached skill level 18 in Fighting
 29234 | Orc:2    | Reached skill level 19 in Fighting
 29351 | Orc:2    | Found Uberuan's Assorted Antiques.
 29351 | Orc:2    | Found Fueckesa's Magic Scroll Shop.
 29353 | Orc:2    | Found Qyesm's General Store.
 29353 | Orc:2    | Found Aruog Keatou's General Store.
 29714 | Swamp:1  | Entered Level 1 of the Swamp
 30259 | Swamp:1  | Reached skill level 20 in Fighting
 30370 | Swamp:1  | Noticed a fenstrider witch
 30379 | Swamp:1  | Killed a fenstrider witch
 30384 | Swamp:1  | Reached XP level 16. HP: 124/163 MP: 15/15
 30841 | Swamp:2  | Identified the +0 pair of gloves of Ebliled {+Blink}
 31064 | Swamp:2  | Received a gift from Trog
 31388 | Swamp:3  | Reached XP level 17. HP: 155/171 MP: 16/16
 31441 | Swamp:3  | Identified Roxanne's Codex of the Volcano
 31441 | Swamp:3  | Noticed Roxanne
 31574 | Swamp:3  | Noticed Mara
 31593 | Swamp:3  | Noticed howech's illusion
 31597 | Swamp:3  | Killed Mara
 32045 | Swamp:3  | Killed Roxanne
 32282 | Swamp:4  | Entered Level 4 of the Swamp
 32305 | Swamp:4  | Noticed Kirke
 32339 | Swamp:4  | Killed Kirke
 32930 | Swamp:4  | Received a gift from Trog
 32997 | Swamp:4  | Reached skill level 21 in Fighting
 33253 | Swamp:4  | Noticed Louise
 33264 | Swamp:4  | Killed Louise
 33369 | Swamp:4  | Got a decaying rune of Zot
 33602 | D:6      | Bought the +7 broad axe "Jaresch" {heavy, *Rage rC++} for
                  | 646 gold pieces
 34063 | Snake:1  | Entered Level 1 of the Snake Pit
 34156 | Snake:1  | Found a basalt altar of Yredelemnul.
 34198 | Snake:1  | Noticed Aizul
 34218 | Snake:1  | HP: 11/259 [sea snake (8)]
 34219 | Snake:1  | HP: 4/173 [sea snake (2)]
 34219 | Snake:1  | Mangled by a naga warrior

Illustrated notes

Levels and vault maps discovered:
D:1:      giann_wishing_wells, layout_basic, serial_shops,
          nicolae_shop_advertising_works [nicolae_subvault_shop_adworks],
          nicolae_eternal_life, minmay_misc_feat_tower,
          kennysheep_decorative_pillar, dreamdust_princess_bridge,
          skrybe_limestone_x, st_stairs_3, reono_crystal_passage
D:2:      layout_basic
D:3:      layout_rooms, nicolae_overflow_hidden_temple, amcnicky_altar_gilded,
          uniq_sigmund
D:4:      layout_cave_pools, mainiacjoe_overflow_tiny_flanked,
          minmay_temple_entry_junction, grunt_ministairs_13
D:5:      layout_loops_ring, mainiacjoe_overflow_boulevard,
          gammafunk_ghost_arena
D:6:      layout_basic, grunt_gozag_statues, kiku_gazebo_garden_becter,
          serial_shops, nicolae_stop_n_shop_2, portal_sewer_entry_c,
          gammafunk_ghost_stat_death, uniq_maggie, uniq_pikel
D:7:      layout_rooms, okawaru_gym_becter
D:8:      layout_basic, zin_academy, lemuel_tele_altar, minitemple,
          serial_shops, shop
D:9:      layout_basic, nicolae_yredelemnul_corpse_copse, david_lair_shrubbed,
          serial_shops, nicolae_shop_rolled_up, shop, dk_noncrumbling_3,
          dk_noncrumbling_4
D:10:     layout_roguey, enter_bailey_6
D:11:     layout_basic, nzn_wu_jian_contemplation, uniq_erolcha
D:12:     layout_loops_ring, nicolae_trove_entry_diagonal,
          minmay_gold_behind_fungi
D:13:     layout_long_grid, gammafunk_ghost_hydra_chop
D:14:     layout_rooms, david_vaults_2, gauntlet_entry_generic, chequers_avenue
D:15:     hangedman_depths_entry_civil_slaughter, layout_grid_maze,
          corexii_leaking_fountain, guppyfry_shop_venom, uniq_jorgrun
Lair:1:   layout_chaotic_city, nicolae_volcano_entry_s_turn
Lair:2:   minmay_guarded_unrand_snakebite, layout_regular_city,
          minmay_swamp_entry_worms, gammafunk_ghost_grave,
          infiniplex_staircase_pool
Lair:3:   layout_cellular_growth, minmay_snake_entry_six_corridors,
          chequers_serial_rivers_marsh, lemuel_old_faithful,
          serial_bayou_shore_a, uniq_amaemon
Lair:4:   nzn_winding_woodlands_small [nzn_winding_woodlands_5x15_twine,
          nzn_winding_woodlands_center_triple_pond,
          nzn_winding_woodlands_5x15_jagged], layout_regular_city,
          pf_torpor_hydra
Lair:5:   cheibrodos_lair_end_hotspot, layout_regular_city, slime_entry_1,
          nicolae_lair_liquid_snakes
Swamp:1:  nicolae_swamp_standing_stones, layout_basic_swamp, swamp_pool1
Swamp:2:  layout_falls_marsh, evilmike_swamp_ruin_house_4, swamp_pool5
Swamp:3:  layout_basic_swamp, evilmike_swamp_ruin_house_5, uniq_roxanne,
          uniq_mara
Swamp:4:  swamp_basic_johnstein, layout_basic_swamp,
          infiniplex_staircase_pool_2, uniq_kirke, uniq_louise
Snake:1:  layout_basic, ebering_ghost_reflecting_pool, basic_altar, uniq_aizul
Orc:1:    layout_caves, nicolae_orc_flooded_monolith
Orc:2:    grunt_orc_tribal_feast, layout_caves, minmay_orc_temple_c,
          uniq_josephine

Skill      XL: |  1  2  3  4  5  6  7  8  9 10 11 12 13 14 15 16 17 |
---------------+----------------------------------------------------+-----
Axes           | 4 5 6 7 8 10 13 15 16 18 | 18.0
Shields        | 1 2 3 4 5 7 9 10 12 | 12.0
Fighting       | 4 5 9 10 11 13 14 16 20 21 | 21.1
Throwing       | 1 |  1.0
Armour         | 3 4 5 7 9 10 12 | 12.0
Evocations     | 1 2 3 5 6 7 9 11 12 | 12.2
Dodging        | 3 4 5 7 8 10 11 | 11.7

Action                     |  1- 3 |  4- 6 |  7- 9 | 10-12 | 13-15 | 16-18 || total
---------------------------+-------+-------+-------+-------+-------+-------++-------
  Melee: Hand axe          |    66 |       |       |       |       |       ||    66
         Headbutt          |     8 |    16 |    49 |    91 |   290 |   126 ||   580
         Broad axe         |     8 |    90 |   300 |   424 |  1076 |   530 ||  2428
         Punch             |       |     3 |     2 |     2 |       |       ||     7
  Throw: Boomerang         |       |       |     3 |    10 |    56 |    53 ||   122
         Throwing net      |       |       |     1 |       |       |       ||     1
 Invoke: Trog's Hand       |       |     4 |     2 |     8 |    21 |     7 ||    42
         Berserk           |       |     1 |     1 |     4 |     5 |     5 ||    16
         Brothers in Arms  |       |       |       |       |     2 |       ||     2
  Evoke: Wand              |       |       |       |     2 |    10 |       ||    12
         Box of beasts     |       |       |       |       |     1 |       ||     1
    Use: Scroll            |     3 |     5 |    10 |     8 |     7 |    10 ||    43
         Potion            |       |       |       |     3 |     6 |     1 ||    10
   Stab: Distracted        |       |       |       |       |     2 |       ||     2
         Invisible         |       |       |       |       |       |     3 ||     3
         Confused          |       |       |       |       |       |     1 ||     1
 Armour: Animal skin       |     2 |       |       |       |       |       ||     2
         Chain mail        |    17 |    55 |   146 |   104 |       |    16 ||   338
         Plate armour      |       |       |       |   140 |   418 |   248 ||   806
  Dodge: Dodged            |    52 |    62 |   111 |   203 |   400 |   302 ||  1130
  Block: Buckler           |       |       |       |     6 |   446 |   142 ||   594
         Reflection        |       |       |       |       |    23 |       ||    23
         Tower shield      |       |       |       |       |       |    42 ||    42
